 Dungeon Crawl Stone Soup version 0.24-a0-639-gb70a11d811 (webtiles) character file.

Game seed: 12779537611131938757, levelgen mode: deterministic

125374 Gargoyl the Cleaver (level 16, -2/136 HPs)
             Began as a Centaur Abyssal Knight on Sept 19, 2019.
             Was the Champion of Lugonu.
             Slain by a sun demon (19 damage)
             ... on level 1 of the Abyss on Sept 21, 2019.
             The game lasted 00:54:35 (34018 turns).

Gargoyl the Cleaver (Centaur Abyssal Knight)       Turns: 34018, Time: 00:54:36

Health: -2/136     AC: 32    Str: 18    XL:     16   Next: 41%
Magic:  23/23      EV:  6    Int: 14    God:    Lugonu [******]
Gold:   2289       SH: 13    Dex: 18    Spells: 15/15 levels left

rFire    . . .     SeeInvis +   v - +7 hand axe (elec)
rCold    x . .     Gourm    .   C - +0 shield
rNeg     + . .     Faith    .   N - +2 plate armour {rN+}
rPois    +         Spirit   .   a - +3 crown of Dyrovepreva {rElec Int+2 SInv}
rElec    +         Reflect  +   O - +0 cloak
rCorr    .         Harm     .   n - +2 pair of gloves
MR       ++...                  M - +2 centaur barding
Stlth    ..........             E - amulet "Rielob" {Reflect rElec rPois rC- Dex+5 SH+2}
HPRegen  0.32/turn              L - ring of protection from magic
MPRegen  0.18/turn              B - ring of Juphoam {rPois Int+3 Slay+6 Stlth+}

@: very quick
A: large, hooves 3, thin metallic scales 1, thin skeletal structure 1, deformed
body, dopey 1, speed 2, low mp 1, tough skin 3, weak 1
a: Depart the Abyss, Bend Space, Banish, Corrupt, Enter the Abyss, Brand Weapon
With Distortion, Renounce Religion


You were on level 1 of the Abyss.
You worshipped Lugonu.
Lugonu was exalted by your worship.
You were not hungry.

You visited 4 branches of the dungeon, and saw 25 of its levels.
You visited the Abyss 2 times.
You also visited: Sewer, Bailey and Gauntlet.

You collected 3457 gold pieces.
You spent 1168 gold pieces at shops.

Inventory:

Hand Weapons
 m - the +10 flail "Urucao" {holy, rPois Str+8}
   (You took it off a minotaur in a Gauntlet)

   It has been blessed by the Shining One to cause great damage to the undead
   and demons.
   It affects your strength (+8).
   It protects you from poison.
 v - a +7 hand axe of electrocution (weapon)
 Q - a +4 hand axe of electrocution
Missiles
 G - 10 javelins (quivered)
Armour
 a - the +3 crown of Dyrovepreva (worn) {rElec Int+2 SInv}
   (You bought it in a shop on level 9 of the Dungeon)

   It affects your intelligence (+2).
   It insulates you from electricity.
   It lets you see invisible.
 l - a +5 ring mail of magic resistance
 n - a +2 pair of gloves (worn)
 C - a +0 shield (worn)
 M - a +2 centaur barding (worn)
 N - a +2 plate armour of positive energy (worn)
 O - a +0 cloak (worn)
Jewellery
 d - the ring "Qusargh" {rPois rF+}
   (You took it off a minotaur in a Gauntlet)

   [ring of protection from fire]

   It protects you from fire.
   It protects you from poison.
 i - an uncursed ring of positive energy
 j - an uncursed ring of see invisible
 B - the ring of Juphoam (right hand) {rPois Int+3 Slay+6 Stlth+}
   (You found it on level 10 of the Dungeon)

   [ring of stealth]

   It affects your intelligence (+3).
   It affects your accuracy and damage with ranged weapons and melee attacks
   (+6).
   It protects you from poison.
   It makes you more stealthy.
 E - the amulet "Rielob" (around neck) {Reflect rElec rPois rC- Dex+5 SH+2}
   (You found it on level 10 of the Dungeon)

   [amulet of reflection]

   It shields you and reflects attacks.
   It affects your dexterity (+5).
   It makes you vulnerable to cold.
   It insulates you from electricity.
   It protects you from poison.
   It affects your SH (+2).
 I - an uncursed ring of positive energy
 L - a ring of protection from magic (left hand)
 R - an uncursed ring of resist corrosion
 V - a +5 ring of strength
Wands
 o - a wand of enslavement (14)
 r - a wand of digging (3)
 s - a wand of disintegration (34)
 t - a wand of polymorph (23)
 u - a wand of iceblast (19)
 x - a wand of paralysis (12)
 y - a wand of flame (91)
 H - a wand of acid (11)
 K - a wand of scattershot (9)
 P - a wand of random effects (22)
Scrolls
 e - 12 scrolls of remove curse
 g - 9 scrolls of teleportation
 w - 5 scrolls of magic mapping
 A - 3 scrolls of fog
 J - 2 scrolls of blinking
 U - a scroll of identify
Potions
 b - 3 potions of might
 f - 7 potions of curing
 h - 3 potions of brilliance
 p - a potion of haste
 q - 7 potions of flight
 z - a potion of invisibility
 D - 4 potions of ambrosia
 F - a potion of magic
 S - a potion of agility
 W - a potion of mutation
Comestibles
 c - 45 rations
 T - 2 chunks of flesh


   Skills:
 + Level 10.9 Fighting
 + Level 13.4 Axes
 + Level 1.8(9.1) Maces & Flails
 + Level 3.5 Throwing
 * Level 10.6 Armour
 * Level 10.1 Dodging
 + Level 6.4 Shields
 * Level 13.2 Invocations
 + Level 2.8 Evocations


You had 15 spell levels left.
You didn't know any spells.
Your spell library contained the following spells:

 Spells                   Type           Power        Failure   Level  Hunger
 Corona                   Hex            #......      100%        1    ##.....
 Magic Dart               Conj           #...         100%        1    ##.....
 Sandblast                Erth           #.....       100%        1    ##.....
 Ensorcelled Hibernation  Hex/Ice        #.....       100%        2    ###....
 Passwall                 Tmut/Erth      #.......     100%        2    ###....
 Searing Ray              Conj           #.....       100%        2    ###....
 Confuse                  Hex            #.......     100%        3    ####...
 Dazzling Spray           Conj/Hex       #.....       100%        3    ####...
 Stone Arrow              Conj/Erth      #.....       100%        3    ####...
 Tukima's Dance           Hex            #.......     100%        3    ####...
 Cause Fear               Hex            #.........   100%        4    #####..
 Force Lance              Conj/Tloc      #.......     100%        4    #####..
 Fulminant Prism          Conj/Hex       #.........   100%        4    #####..
 Iskenderun's Mystic Bla  Conj           #.......     100%        4    #####..
 Leda's Liquefaction      Hex/Erth       #.........   100%        4    #####..
 Petrify                  Tmut/Erth      #.......     100%        4    #####..
 Bolt of Magma            Conj/Fire/Erth #.........   100%        5    ######.
 Lee's Rapid Deconstruct  Erth           #.........   100%        5    ######.
 Silence                  Hex/Air        #.........   100%        5    ######.
 Yara's Violent Unravell  Hex/Tmut       #.........   100%        5    ######.
 Deflect Missiles         Chrm/Air       #.........   100%        6    #######
 Iron Shot                Conj/Erth      #.........   100%        6    #######
 Statue Form              Tmut/Erth      #........    100%        6    #######
 Discord                  Hex            #.........   100%        8    #######
 Shatter                  Erth           #.........   100%        9    #######


Dungeon Overview and Level Annotations

Branches:
Dungeon (15/15)            Temple (0/1) D:4            Lair (6/6) D:11
 Shoals (2/4) Lair:3       Spider (0/4) Lair:4        Slime (0/5) Lair:6
    Orc (2/2) D:11            Elf (0/3) Orc:2        Vaults (0/5) D:13
 Depths (0/5) D:15          Sewer (visited)          Bailey (visited)
Gauntlet (visited)

Altars:
Ashenzari
Dithmenos
Elyvilon
Fedhas
Hepliaklqana
Kikubaaqudgha
Trog
Uskayaw
Vehumet
Wu Jian
Xom
Yredelemnul
Zin
Beogh
Jiyva

Shops:
D:4 :   D:6 :   D:8 (   D:9 [   D:11 *   Orc:2 =**[(

Annotations:
D:5 2 transporters
Shoals:2 Ilsuiw


Innate Abilities, Weirdness & Mutations

You have hooves in place of feet.
Armour fits poorly on your strangely shaped body.
You cover ground very quickly.
You have extremely tough skin. (AC +3)
You are partially covered in thin metallic scales. (AC +2)
You have a somewhat thin skeletal structure. (Dex +2, Stealth)
You are dopey. (Int -2)
Your magical capacity is low. (-10% MP)
You are weak. (Str -2)


Message History

You eat one of the 3 chunks of flesh.
This raw flesh tastes terrible.
Your magical contamination has completely faded away.
You start resting.
A sun demon comes into view.
You closely miss the sun demon. Your kick misses the sun demon.
You block the sun demon's attack.
You hit the sun demon.
The sun demon is lightly wounded.
You block the sun demon's attack.
You hit the sun demon.
The sun demon is lightly wounded.
You block the sun demon's attack.
You slash the sun demon!
The sun demon is moderately wounded.
You closely miss the sun demon. You kick the sun demon.
The sun demon is heavily wounded.
The sun demon hits you!!
* * * LOW HITPOINT WARNING * * *
You are engulfed in flames!!
You die...

#..≈ .. #......
≈≈#. #.##. .##.
.≈ #.#......≈≈#
≈≈#.#...#..#..
..#≈≈≈.....≈≈..
≈≈_≈≈≈≈....≈≈..
..≈≈#≈≈≈....≈##
.≈≈.≈≈3@≈≈≈≈##
.≈#≈≈≈≈≈≈≈≈≈##.
.#≈≈≈≈≈≈≈≈..≈≈.
..≈≈≈≈≈≈≈≈≈≈≈≈.
#..≈.≈!.≈.≈≈.≈≈
#...≈.≈≈≈≈##≈≈.
....≈≈≈..≈≈.≈≈#
..≈#..≈..##..≈≈


You could see a sun demon.

Vanquished Creatures
  An orc warlord (Orc:2)
  Nessos (Lair:4)
  A minotaur (Gauntlet)
  A merfolk impaler (Shoals:2)
  A fire dragon (D:10)
  Snorg (D:10)
  7 hydras
  An ice dragon (D:11)
  A centaur warrior (D:15)
  2 rakshasas (D:15)
  5 two-headed ogres
  3 catoblepae
  2 death knights
  A tengu warrior (D:11)
  2 thrashing horrors (Gauntlet)
  5 orc high priests
  Sonja (Lair:6)
  A skeletal warrior (D:13)
  3 unseen horrors
  A fire crab (Gauntlet)
  A deep troll (shapeshifter) (D:15)
  2 sea snakes
  A glowing orange brain (D:15)
  A phantasmal warrior (D:14)
  A wolf spider zombie (D:14)
  3 oklob plants (Lair:3)
  4 orc sorcerers (Orc:2)
  7 orc knights
  2 cyclopes
  2 deep elf magi
  19 ugly things
  A cyclops (shapeshifter) (D:15)
  5 fauns
  2 manticores
  23 elephants
  A moth of wrath (shapeshifter) (D:14)
  Maurice (D:8)
  2 black mambas
  2 merfolk sirens (Shoals:1)
  21 spiny frogs
  A gargoyle (D:11)
  A kobold demonologist (Bailey)
  A rime drake (Lair:3)
  An efreet (D:15)
  2 freezing wraiths
  A yaktaur (D:11)
  4 komodo dragons
  7 merfolk (Shoals:1)
  5 polar bears
  4 tyrant leeches (Lair:6)
  8 trolls
  4 hornets
  8 slime creatures
  A slime creature (shapeshifter) (D:13)
  A meliai zombie (D:11)
  A snapping turtle (Shoals:1)
  12 hippogriffs
  27 blink frogs
  6 dream sheep (Lair:6)
  Sigmund (D:4)
  2 shadows
  A spriggan (Lair:3)
  A vampire (D:11)
  A human (shapeshifter) (D:15)
  5 wyverns
  4 wraiths
  35 yaks
  2 fire bats (Gauntlet)
  5 basilisks
  A golden eye (shapeshifter) (D:13)
  13 vampire mosquitoes
  Grum (D:8)
  2 hungry ghosts
  4 wargs
  2 acid dragons
  25 water moccasins
  4 porcupines
  3 ice beasts
  A swamp drake (Lair:3)
  3 sky beasts
  48 orc warriors
  A black bear (Lair:2)
  A hornet zombie (D:10)
  An eye of draining (D:11)
  8 ogres
  A necrophage (D:8)
  3 phantoms
  20 wolves
  15 centaurs
  12 crocodiles
  A big kobold (shapeshifter) (D:13)
  31 bullfrogs
  2 big kobolds
  4 small abominations (Gauntlet)
  A wyvern zombie (D:11)
  A wyvern skeleton (D:9)
  3 scorpions
  11 killer bees
  12 wights
  5 electric eels
  4 howler monkeys (D:12)
  5 crimson imps
  2 centaur zombies
  3 bullfrog zombies
  2 bullfrog skeletons (D:8)
  A gnoll shaman (D:7)
  5 hounds
  4 jellies
  23 orc priests
  41 orc wizards
  4 centaur skeletons
  3 iguanas
  8 worker ants
  A killer bee zombie (D:7)
  A hound skeleton (D:7)
  A howler monkey zombie (D:5)
  2 worker ant zombies
  26 adders
  5 gnolls
  A hound simulacrum (D:10)
  3 shadow imps
  12 white imps (Lair:6)
  3 oozes
  2 adder skeletons
  3 worms
  2 dart slugs
  4 leopard geckos
  105 orcs
  7 giant cockroaches
  8 goblins
  3 hobgoblins
  12 jackals
  16 kobolds
  2 quokkas
  7 ball pythons
  A ball python zombie (D:5)
  9 bats
  7 frilled lizards
  2 leopard gecko skeletons
  A leopard gecko zombie (D:8)
  6 rats
  5 fungi
  7 plants
  A tentacle (Shoals:2)
904 creatures vanquished.

Vanquished Creatures (others)
  8 hydras
  A merfolk (Shoals:2)
  A shadow (D:11)
  An electric eel (Bailey)
  A kobold (D:11)
  A bush (Lair:6)
  18 fungi
  45 plants
  3 tentacles (Shoals:2)
79 creatures vanquished.

Grand Total: 983 creatures vanquished

Notes
Turn   | Place    | Note
-------+----------+-------------------------------------------
     0 | Abyss:1  | Gargoyl the Centaur Abyssal Knight began the quest for the
                  | Orb.
     0 | Abyss:1  | Reached XP level 1. HP: 19/19 MP: 2/2
     0 | Abyss:1  | Found a corrupted altar of Lugonu.
    27 | Abyss:2  | Noticed a small abomination
    44 | Abyss:2  | Noticed a large abomination
    48 | Abyss:2  | Noticed a glowing orange brain
    52 | D:1      | Escaped the Abyss
   457 | D:1      | Reached XP level 2. HP: 8/26 MP: 3/3
   471 | D:1      | Reached * piety under Lugonu
  1123 | D:1      | Reached skill level 1 in Dodging
  1437 | D:2      | Reached XP level 3. HP: 31/31 MP: 4/4
  1444 | D:2      | Found a shadowy altar of Dithmenos.
  1444 | D:2      | Found a white marble altar of Elyvilon.
  1645 | D:2      | Found an ornate altar of the Wu Jian Council.
  1738 | D:2      | Found a shattered altar of Ashenzari.
  1933 | D:2      | Reached XP level 4. HP: 16/38 MP: 5/5
  2280 | D:2      | Reached ** piety under Lugonu
  2398 | D:2      | Found a hide-covered altar of Uskayaw.
  2399 | D:2      | Found a blossoming altar of Fedhas.
  3181 | D:4      | Noticed an ogre
  3188 | D:4      | Killed an ogre
  3188 | D:4      | Reached XP level 5. HP: 27/45 MP: 7/7
  3192 | D:4      | Found Toank's Book Emporium.
  3225 | D:4      | Reached XP level 6. HP: 25/52 MP: 8/8
  3270 | D:4      | Noticed Sigmund
  3649 | D:4      | Killed Sigmund
  3660 | D:4      | Found an ancient bone altar of Kikubaaqudgha.
  3734 | D:4      | Found a staircase to the Ecumenical Temple.
  4043 | D:4      | Reached XP level 7. HP: 59/59 MP: 9/9
  4359 | D:3      | Found a faded altar of an unknown god.
  4995 | D:4      | Found a basalt altar of Yredelemnul.
  5075 | D:5      | Entered Level 5 of the Dungeon
  5077 | D:5      | Found a glowing drain.
  5086 | Sewer    | Entered a sewer
  5141 | Sewer    | Reached *** piety under Lugonu
  6848 | D:5      | Found a transporter.
  6848 | D:5      | Noticed a yak
  6861 | D:5      | Noticed a deep elf mage
  6864 | D:5      | Found a transporter.
  6899 | D:5      | Found a bloodstained altar of Trog.
  7433 | D:6      | Found Kymutsuz's Book Shoppe.
  7447 | D:6      | Reached XP level 8. HP: 33/67 MP: 11/11
  7734 | D:6      | Reached **** piety under Lugonu
  7742 | D:6      | Reached skill level 5 in Axes
  8111 | D:6      | Gained mutation: You are partially covered in thin metallic
                  | scales. (AC +2) [potion of mutation]
  8111 | D:6      | Gained mutation: You are dopey. (Int -2) [potion of
                  | mutation]
  8111 | D:6      | Gained mutation: Your magical capacity is low. (-10% MP)
                  | [potion of mutation]
  8111 | D:6      | Gained mutation: You have a somewhat thin skeletal
                  | structure. (Dex +2, Stealth) [potion of mutation]
  8134 | D:6      | Reached skill level 5 in Invocations
  8273 | D:6      | Found a glowing silver altar of Zin.
  8376 | D:6      | Found a radiant altar of Vehumet.
  8406 | D:6      | Reached skill level 5 in Armour
  8508 | D:7      | Reached XP level 9. HP: 73/73 MP: 11/11
  8545 | D:7      | Reached skill level 5 in Fighting
  9277 | D:8      | Found Tisuc's Weapon Boutique.
  9283 | D:8      | Noticed Maurice
  9287 | D:8      | Noticed Grum
  9511 | D:8      | Killed Grum
  9517 | D:8      | Killed Maurice
  9794 | D:8      | Found a flagged portal.
  9811 | Bailey   | Entered a bailey
  9867 | Bailey   | Found an iron altar of Okawaru.
  9867 | Bailey   | Noticed an orc high priest
  9867 | Bailey   | Noticed a kobold demonologist
  9883 | Bailey   | Killed an orc high priest
  9887 | Bailey   | Killed a kobold demonologist
  9887 | Bailey   | Reached XP level 10. HP: 71/83 MP: 13/13
  9942 | Bailey   | Noticed an orc knight
 10361 | D:8      | Noticed a two-headed ogre
 10371 | D:8      | Killed a two-headed ogre
 10604 | D:9      | Found Xakuuphu's Antique Armour Shop.
 10711 | D:9      | Found a hazy altar of Hepliaklqana.
 10806 | D:9      | Killed an unseen horror
 10806 | D:9      | Reached skill level 5 in Dodging
 11001 | D:9      | Reached ***** piety under Lugonu
 11016 | D:9      | Found a shimmering altar of Xom.
 11018 | D:9      | Noticed a two-headed ogre
 11024 | D:9      | Killed a two-headed ogre
 11024 | D:9      | Reached skill level 1 in Evocations
 11344 | D:10     | Entered Level 10 of the Dungeon
 11346 | D:10     | Reached XP level 11. HP: 91/91 MP: 13/15
 11515 | D:10     | Noticed Snorg
 11572 | D:10     | Killed Snorg
 11572 | D:10     | Reached XP level 12. HP: 77/100 MP: 16/16
 11807 | D:10     | Noticed a two-headed ogre
 11819 | D:10     | Killed a two-headed ogre
 11921 | D:10     | Noticed a fire dragon
 11933 | D:10     | Noticed a catoblepas
 12352 | D:10     | Killed a fire dragon
 12567 | D:10     | Killed a catoblepas
 12751 | D:10     | Got a sparkling jade ring
 12753 | D:10     | Got an ancient garnet amulet
 12808 | D:10     | Identified the amulet "Rielob" {Reflect rElec rPois rC-
                  | Dex+5 SH+2} (You found it on level 10 of the Dungeon)
 12810 | D:10     | Identified the ring of Juphoam {rPois Int+3 Slay+6 Stlth+}
                  | (You found it on level 10 of the Dungeon)
 13333 | D:11     | Found a staircase to the Lair.
 13732 | D:11     | Reached skill level 1 in Shields
 13903 | D:9      | Bought the +3 crown of Dyrovepreva {rElec Int+2 SInv} for
                  | 1035 gold pieces
 13903 | D:9      | Found the +3 crown of Dyrovepreva {rElec Int+2 SInv}
 13996 | D:11     | Got an ichor-stained ring mail
 14007 | D:11     | Identified the cursed +0 ring mail "Plog" {rElec rPois rC+
                  | MR+ Dex-5} (You found it on level 11 of the Dungeon)
 14285 | D:11     | Found a staircase to the Orcish Mines.
 14307 | D:11     | Found Veehut's Assorted Antiques.
 14312 | D:11     | Bought a scroll labeled FAOTYO ZOADI for 29 gold pieces
 14312 | D:11     | Bought a scroll labeled DASHREO BETAMOSTEU for 29 gold
                  | pieces
 14611 | D:11     | Noticed an eight-headed hydra
 14620 | D:11     | Banished an eight-headed hydra
 14620 | D:11     | Reached skill level 10 in Axes
 14804 | D:11     | Noticed a two-headed ogre
 14806 | D:11     | Noticed a five-headed hydra
 14815 | D:11     | Killed a two-headed ogre
 14817 | D:11     | Banished a six-headed hydra
 14868 | D:11     | Noticed an ice dragon
 14871 | D:11     | Noticed a tengu warrior
 14883 | D:11     | Killed an ice dragon
 14883 | D:11     | Reached XP level 13. HP: 54/107 MP: 14/18
 14912 | D:11     | Reached skill level 10 in Invocations
 15498 | Lair:1   | Entered Level 1 of the Lair of Beasts
 17517 | Lair:3   | Found a staircase to the Shoals.
 17931 | Lair:3   | Reached ****** piety under Lugonu
 19402 | Lair:3   | Reached XP level 14. HP: 116/116 MP: 20/20
 19435 | Lair:4   | Noticed Nessos
 19441 | Lair:4   | Killed Nessos
 19728 | Lair:4   | Found a gate leading to a gauntlet.
 19737 | Gauntlet | Entered a Gauntlet
 19737 | Gauntlet | Found a transporter.
 19801 | Gauntlet | Found a transporter.
 19803 | Gauntlet | Found a transporter.
 19804 | Gauntlet | Found a transporter.
 19817 | Gauntlet | Found a large runed translucent door.
 19817 | Gauntlet | Found a large runed translucent door.
 19819 | Gauntlet | Found a transporter.
 19936 | Gauntlet | Found a large runed translucent door.
 19936 | Gauntlet | Found a large runed translucent door.
 19936 | Gauntlet | Found a runed translucent door.
 19936 | Gauntlet | Found a runed translucent door.
 19936 | Gauntlet | Found a large runed translucent door.
 19943 | Gauntlet | Found a large runed translucent door.
 19943 | Gauntlet | Found a large runed translucent door.
 19943 | Gauntlet | Found a large runed translucent door.
 19944 | Gauntlet | Found a large runed translucent door.
 19945 | Gauntlet | Found a transporter.
 19945 | Gauntlet | Found a large runed translucent door.
 19969 | Gauntlet | Found a transporter.
 20002 | Gauntlet | Found a transporter.
 20026 | Gauntlet | Found a transporter.
 20027 | Gauntlet | Found a large runed translucent door.
 20027 | Gauntlet | Found a large runed translucent door.
 20027 | Gauntlet | Found a large runed translucent door.
 20027 | Gauntlet | Found a runed translucent gate.
 20058 | Gauntlet | Got an ancient helmet
 20225 | Gauntlet | Identified the cursed -5 helmet of Failure {+Fly Regen+
                  | SInv} (You found it in a Gauntlet)
 20237 | Gauntlet | Noticed a balrug
 20237 | Gauntlet | Found a transporter.
 20268 | Gauntlet | Identified the +10 flail "Urucao" {holy, rPois Str+8}
 20268 | Gauntlet | Identified the ring "Qusargh" {rPois rF+}
 20291 | Gauntlet | Got a jet-studded scale mail
 20729 | Lair:4   | Found a hole to the Spider Nest.
 20758 | Lair:4   | You fall into a shaft and drop 1 floor!
 21067 | Lair:4   | Identified the cursed +1 scale mail of Nawne {Dex+4} (You
                  | found it in a Gauntlet)
 22122 | Lair:6   | Entered Level 6 of the Lair of Beasts
 22169 | Lair:6   | Noticed Sonja
 22187 | Lair:6   | Killed Sonja
 22300 | Lair:6   | Reached skill level 1 in Maces & Flails
 23189 | Lair:6   | Found a viscous altar of Jiyva.
 23189 | Lair:6   | Found a staircase to the Slime Pits.
 23270 | Lair:6   | Reached XP level 15. HP: 57/126 MP: 21/21
 23896 | Lair:6   | Reached skill level 5 in Shields
 25425 | D:12     | Reached skill level 10 in Fighting
 25425 | D:12     | Reached skill level 10 in Armour
 25726 | D:13     | Upgraded the game from 0.24-a0-630-g0d56a851f4 to
                  | 0.24-a0-639-gb70a11d811
 25932 | D:13     | Identified a scroll of acquirement
 25963 | D:13     | Found a gate to the Vaults.
 27039 | D:14     | Found a shadowy altar of Dithmenos.
 27950 | D:15     | Entered Level 15 of the Dungeon
 28984 | D:15     | Found a staircase to the Depths.
 30015 | Orc:1    | Entered Level 1 of the Orcish Mines
 30297 | Orc:1    | Found a roughly hewn altar of Beogh.
 30403 | Orc:1    | Reached XP level 16. HP: 135/135 MP: 23/23
 30799 | Orc:2    | Entered Level 2 of the Orcish Mines
 31104 | Orc:2    | Found a staircase to the Elven Halls.
 31488 | Orc:2    | Found Sanent's General Store.
 32437 | Orc:2    | Gained mutation: You are weak. (Str -2) [a neqoxec]
 32439 | Orc:2    | Reached skill level 10 in Dodging
 32790 | Orc:2    | Found Giuramp's General Store.
 32791 | Orc:2    | Found Eqimisigg's Jewellery Emporium.
 32792 | Orc:2    | Found Weicled's Antique Armour Emporium.
 32792 | Orc:2    | Found Ajaagg's Antique Weapon Shoppe.
 32806 | Orc:2    | Bought a scroll of enchant armour for 75 gold pieces
 33030 | Shoals:1 | Entered Level 1 of the Shoals
 33891 | Shoals:2 | Noticed a kraken
 33918 | Shoals:2 | Noticed Ilsuiw
 34018 | Abyss:1  | Slain by a sun demon

Levels and vault maps discovered:
D:1:      dpeg_arrival_circle_labyrinth_c, layout_basic
D:2:      minmay_inner_zag, layout_rooms, gammafunk_temple_overflow_statue,
          ashenzari_altar_1, lemuel_doored_altar, grunt_temple_overflow_open
D:3:      layout_basic, chequers_ecumenical_altar_grove
D:4:      layout_cave_pods, nicolae_overflow_hidden_temple,
          overflow_temple_1_default, minmay_temple_entry_statues_fountains,
          serial_shops, shop, first_ration, uniq_sigmund
D:5:      layout_basic, gammafunk_temple_overflow_arena,
          cheibrodos_sewer_entry_drain
D:6:      layout_rooms, overflow_temple_1_default, kennysheep_mini,
          serial_shops, shop
D:7:      layout_loops_corners
D:8:      layout_rooms, serial_shops, shop, enter_bailey_6, grunt_ogre_cave,
          uniq_maurice, uniq_grum
D:9:      layout_roguey, lemuel_crystal_altar, lemuel_crystal_altar,
          serial_shops, shop
D:10:     layout_grid_maze, minivault_12, uniq_snorg
D:11:     hangedman_cross_veins, layout_loops_ring, erik_lair_orcish_takeover,
          orc_0_dummy, serial_shops, kennysheep_little_box
D:12:     layout_irregular_city
D:13:     layout_cave_pools, david_vaults_2
D:14:     layout_stronghold, lemuel_statue_altar
D:15:     gammafunk_enter_depths_forms, layout_basic
Lair:1:   layout_chaotic_city
Lair:2:   layout_regular_city, patterned_corridor, wad_woods_river_01,
          serial_bayou_shore_a
Lair:3:   lemuel_reptile_caves, layout_regular_city, shoals_dummy_entry,
          grunt_forest_large_clearing_hut, grunt_megastairs_3,
          minmay_lair_oklob_chamber, infiniplex_staircase_pool
Lair:4:   layout_hall_layers, spider_nest_entry_web_field,
          gauntlet_entry_generic, grunt_megastairs_1, lemuel_fruit_tree,
          lemuel_fruit_fields, uniq_nessos
Lair:5:   layout_loops_ring, grunt_megastairs_4
Lair:6:   minmay_lair_end_frog_pond, layout_gridlike, slime_altar_1,
          portal_ice_cave_entry_imps, uniq_sonja
Shoals:1: layout_shoals
Shoals:2: layout_shoals, serial_shops, nicolae_shop_trees, uniq_ilsuiw,
          uniq_polyphemus
Orc:1:    layout_caves, mines1_david
Orc:2:    st_orc_congregation, layout_diamond_mine, serial_shops, shop
Abyss:1:  patterned_corridor

Skill      XL: |  1  2  3  4  5  6  7  8  9 10 11 12 13 14 15 16 |
---------------+-------------------------------------------------+-----
Axes           | 2 3 4 5 7 8 9 10 11 12 13 | 13.4
Dodging        | 1 2 3 4 6 7 8 9 10 | 10.1
Armour         | 2 3 4 5 6 7 8 9 10 | 10.6
Invocations    | 3 4 5 6 8 9 11 12 13 | 13.2
Fighting       | 4 5 6 7 8 9 10 | 10.9
Evocations     | 2 |  2.8
Throwing       | 2 3 |  3.5
Shields        | 1 3 4 6 |  6.4
Maces & Flails | 1 |  1.8

Action                   |  1- 3 |  4- 6 |  7- 9 | 10-12 | 13-15 | 16-18 || total
-------------------------+-------+-------+-------+-------+-------+-------++-------
Melee: Hand axe          |    96 |   132 |   404 |   369 |  1220 |   268 ||  2489
       Kick              |    15 |    18 |    93 |   142 |   527 |   107 ||   902
       Flail             |       |       |       |       |    27 |       ||    27
Throw: Boomerang         |       |       |     1 |     4 |     5 |       ||    10
       Javelin           |       |       |       |       |     6 |    10 ||    16
Invok: Depart the Abyss  |     1 |       |       |       |       |       ||     1
       Banish            |       |       |     1 |     3 |     8 |     1 ||    13
       Bend Space        |       |       |     1 |       |       |     2 ||     3
       Enter the Abyss   |       |       |       |       |       |     1 ||     1
Evoke: Wand              |       |       |       |     9 |     1 |       ||    10
  Use: Scroll            |     3 |     4 |    15 |    13 |    22 |     3 ||    60
       Potion            |       |     1 |     8 |     6 |     4 |     3 ||    22
 Stab: Sleeping          |       |       |       |     1 |     9 |       ||    10
       Distracted        |       |       |       |       |     2 |       ||     2
  Eat: Chunk             |     2 |     6 |    14 |    11 |    33 |    11 ||    77
       Ration            |       |       |     1 |     1 |     4 |       ||     6
Armor: Plate armour      |    83 |       |       |       |       |    72 ||   155
       Ring mail         |    40 |    66 |   264 |   196 |   545 |    33 ||  1144
Dodge: Dodged            |    36 |    72 |   227 |   225 |   433 |    57 ||  1050
Block: Shield            |       |       |       |   102 |   642 |   165 ||   909
       Reflection        |       |       |       |     1 |    17 |    16 ||    34

Table legend:
 A = Non-vault XP
 B = Vault XP
 C = Vault XP percentage of total XP
 D = Non-vault monster count
 E = Vault monster count
 F = Vault count percentage of total count
                 A         B        C        D         E       F
            +---------+---------+-------+---------+---------+-------
      Total |  102547 |   66188 |  39.2 |     599 |     303 |  33.6
            +---------+---------+-------+---------+---------+-------
        D:1 |      40 |       0 |   0.0 |      17 |       0 |   0.0
        D:2 |      73 |      13 |  15.1 |      20 |       6 |  23.1
        D:3 |      53 |       0 |   0.0 |       7 |       0 |   0.0
        D:4 |     347 |     227 |  39.5 |      21 |       1 |   4.5
        D:5 |     660 |       6 |   0.9 |      28 |       3 |   9.7
        D:6 |    1030 |       0 |   0.0 |      17 |       0 |   0.0
        D:7 |     666 |     355 |  34.8 |      15 |       3 |  16.7
        D:8 |    1447 |     747 |  34.0 |      13 |       3 |  18.8
        D:9 |    2919 |     476 |  14.0 |      25 |       2 |   7.4
       D:10 |    2139 |    5104 |  70.5 |      16 |      10 |  38.5
       D:11 |    4881 |    7864 |  61.7 |      55 |      27 |  32.9
       D:12 |    4880 |       0 |   0.0 |      45 |       0 |   0.0
       D:13 |    3532 |     553 |  13.5 |       7 |       3 |  30.0
       D:14 |    8990 |       0 |   0.0 |      31 |       0 |   0.0
       D:15 |   13410 |    5259 |  28.2 |      42 |       8 |  16.0
     Lair:1 |    2858 |       0 |   0.0 |      15 |       0 |   0.0
     Lair:2 |    5325 |     861 |  13.9 |      28 |       4 |  12.5
     Lair:3 |    3911 |   10465 |  72.8 |      23 |      51 |  68.9
     Lair:4 |    4527 |    2554 |  36.1 |      15 |       5 |  25.0
     Lair:5 |    4585 |      90 |   1.9 |      16 |       1 |   5.9
     Lair:6 |   19493 |   12729 |  39.5 |      53 |      56 |  51.4
   Shoals:1 |    6587 |       0 |   0.0 |      16 |       0 |   0.0
   Shoals:2 |    2635 |       0 |   0.0 |       4 |       0 |   0.0
      Orc:1 |    3566 |     137 |   3.7 |      35 |       1 |   2.8
      Orc:2 |    3993 |   11366 |  74.0 |      35 |      69 |  66.3
      Sewer |       0 |      76 | 100.0 |       0 |      20 | 100.0
     Bailey |       0 |    1807 | 100.0 |       0 |      17 | 100.0
   Gauntlet |       0 |    5499 | 100.0 |       0 |      13 | 100.0
            +---------+---------+-------+---------+---------+-------
